 Dungeon Sprint DCSS version 0.27.1-1-g398f81649c (webtiles) character file.

Game seed: 14633688133060614454

1855 boopmooplesden the Blocker (level 8, -8/82 HPs)
             Began as a Minotaur Fighter on Sept 15, 2021.
             Was an Elder of Okawaru.
             Shot with an arrow by a centaur warrior (13 damage)
             ... in the Dungeon (Sprint IX: "|||||||||||||||||||||||||||||").
             The game lasted 00:01:38 (429 turns).

boopmooplesden the Blocker (Minotaur Fighter)        Turns: 429, Time: 00:01:39

Health: -8/82      AC: 16    Str: 22    XL:     8   Next: 89%
Magic:  7/7        EV: 11    Int:  5    God:    Okawaru [****..]
Gold:   0          SH: 13    Dex: 11    Spells: 7/7 levels left

rFire    . . .     SeeInvis .   a - +0 war axe
rCold    . . .     Faith    .   c - +0 kite shield
rNeg     . . .     Spirit   .   p - +1 chain mail
rPois    .         Reflect  .   (helmet restricted)
rElec    .         Harm     .   (no cloak)
rCorr    .         Rampage  .   (no gloves)
Will     .....     NoTele   +   o - +0 pair of boots
Stlth    ..........             (no amulet)
HPRegen  0.23/turn              q - +2 ring of evasion
MPRegen  0.10/turn              r - +2 ring of protection

@: on berserk cooldown, slowed, very slow
A: horns 2, retaliatory headbutt
a: Renounce Religion, Heroism


You were in the Dungeon.
You worshipped Okawaru.
Okawaru was greatly pleased with you.
You visited 1 branch

Inventory:

Hand Weapons
 a - a +0 war axe (weapon)
 m - a +1 broad axe of freezing
 n - the +2 scimitar of Incongruity {freeze, rF+ rC+}
   (You found it in the Dungeon)

   It freezes those it strikes, dealing additional cold damage.
   It can also slow down cold-blooded creatures.
   rF:        It protects you from fire.
   rC:        It protects you from cold.
Armour
 b - a +0 scale mail
 c - a +0 kite shield (worn)
 o - a +0 pair of boots (worn)
 p - a +1 chain mail (worn)
Jewellery
 q - a +2 ring of evasion (left hand)
 r - a +2 ring of protection (right hand)
Wands
 l - a wand of iceblast (10)
Scrolls
 j - 2 scrolls of blinking
 k - 2 scrolls of amnesia
Potions
 d - a potion of invisibility
 e - 5 potions of curing
 f - 3 potions of heal wounds
 g - a potion of haste
 h - 4 potions of magic


   Skills:
 + Level 11.1 Fighting
 + Level 10.7 Axes
 + Level 11.9 Armour
 + Level 4.9 Dodging
 + Level 13.5 Shields
 + Level 0.3 Invocations


You had 7 spell levels left.
You didn't know any spells.
Your spell library was empty.

Dungeon Overview and Level Annotations

Branches:
Dungeon (1/1)

Altars:
Cheibriados
Dithmenos
Elyvilon
Fedhas
Gozag
Hepliaklqana
Kikubaaqudgha
Makhleb
Nemelex Xobeh
Okawaru
Qazlal
Ru
Sif Muna
Trog
Uskayaw
Vehumet
Wu Jian
Xom
Yredelemnul
Zin
The Shining One
Beogh
Jiyva
Lugonu


Innate Abilities, Weirdness & Mutations

You have a pair of horns on your head.
You reflexively headbutt those who attack you in melee.


Message History

The two-headed ogre hits you with a +0 giant club!
The two-headed ogre closely misses you.
You hit the two-headed ogre. You headbutt the two-headed ogre.
The two-headed ogre is severely wounded.
You block the two-headed ogre's attack.
The two-headed ogre hits you but does no damage.
You slash the two-headed ogre!
The two-headed ogre is almost dead.
You block the two-headed ogre's attack. x2
The two-headed ogre hits you but does no damage.
The two-headed ogre barely misses you.
You slash the two-headed ogre!
You kill the two-headed ogre!
Okawaru is honoured by your kill.
The boulder beetle waves its antennae.
The centaur warrior closely misses you. You block the centaur warrior's attack.
The boulder beetle waves its antennae.
Your Fighting skill increases to level 11!
Your Axes skill increases to level 10!
Your Dodging skill increases to level 4!
Your Shields skill increases to level 13!
You hit the centaur warrior.
The centaur warrior is lightly wounded.
The centaur warrior barely misses you. You furiously retaliate!
You headbutt the centaur warrior!
The centaur warrior kicks you but does no damage.
The centaur warrior completely misses you.
The centaur warrior kicks you but does no damage.
Okay, then.
The centaur warrior wields a +0 longbow.
The centaur warrior shoots an arrow.
You block the arrow.
The centaur warrior shoots an arrow.
The arrow hits you!
* * * LOW HITPOINT WARNING * * *
The centaur warrior shoots an arrow.
The arrow barely misses you.
The boulder beetle leaps!
The centaur warrior shoots an arrow.
The arrow hits you!!
* * * LOW HITPOINT WARNING * * *
The centaur warrior shoots an arrow.
You block the arrow.
The centaur warrior shoots an arrow.
The arrow hits you!
You die... ▓▓▓▓▓▓▓▓▓▓▓▓▓▓▓▓▓▓▓▓▓▓▓▓▓▓▓ ___'..)..[...').@..cD.OB... ▓▓▓▓▓▓▓▓▓▓▓▓▓▓▓▓▓▓▓▓▓▓▓▓▓▓▓

You could see a boulder beetle, a four-headed hydra, a centaur warrior and a two-headed ogre.

Vanquished Creatures
  2 two-headed ogres (D)
  A troll (D)
  A yak (D)
  A centaur (D)
  A phantom (D)
  A kobold brigand (D)
  A howler monkey (D)
  A jelly (D)
  An adder (D)
  An ufetubus (D)
  A dart slug (D)
  A hobgoblin (D)
  A ball python (D)
  A ball python skeleton (D)
  2 frilled lizards (D)
  A giant cockroach zombie (D)
18 creatures vanquished.

Notes
Turn   | Place    | Note
-------+----------+-------------------------------------------
     0 | D        | boopmooplesden the Minotaur Fighter began the quest for the
                  | Orb.
     0 | D        | Reached XP level 1. HP: 19/19 MP: 0/0
     6 | D        | Reached skill level 4 in Shields
    15 | D        | Noticed a jelly
    15 | D        | Noticed a phantom
    19 | D        | Reached XP level 2. HP: 28/28 MP: 1/1
    29 | D        | Reached skill level 5 in Fighting
    29 | D        | Reached skill level 5 in Armour
    29 | D        | Reached skill level 5 in Shields
    30 | D        | Reached XP level 3. HP: 17/37 MP: 2/2
    35 | D        | Killed a phantom
    36 | D        | Reached skill level 7 in Shields
    36 | D        | Reached XP level 4. HP: 7/47 MP: 3/3
   305 | D        | Found a snail-covered altar of Cheibriados.
   305 | D        | Found a shadowy altar of Dithmenos.
   305 | D        | Found a white marble altar of Elyvilon.
   305 | D        | Found a blossoming altar of Fedhas.
   305 | D        | Found an opulent altar of Gozag.
   306 | D        | Found a hazy altar of Hepliaklqana.
   307 | D        | Found a viscous altar of Jiyva.
   308 | D        | Found an ancient bone altar of Kikubaaqudgha.
   309 | D        | Found a corrupted altar of Lugonu.
   310 | D        | Found a burning altar of Makhleb.
   311 | D        | Found a sparkling altar of Nemelex Xobeh.
   312 | D        | Found an iron altar of Okawaru.
   313 | D        | Found a stormy altar of Qazlal.
   314 | D        | Found a sacrificial altar of Ru.
   315 | D        | Found a shimmering blue altar of Sif Muna.
   316 | D        | Found a bloodstained altar of Trog.
   317 | D        | Found a hide-covered altar of Uskayaw.
   318 | D        | Found a radiant altar of Vehumet.
   319 | D        | Found an ornate altar of the Wu Jian Council.
   320 | D        | Found a shimmering altar of Xom.
   324 | D        | Became a worshipper of Warmaster Okawaru
   326 | D        | Found a basalt altar of Yredelemnul.
   327 | D        | Found a glowing silver altar of Zin.
   328 | D        | Found a glowing golden altar of the Shining One.
   344 | D        | Got the +2 scimitar of Incongruity {freeze, rF+ rC+}
   372 | D        | Noticed a centaur
   372 | D        | Noticed a kobold brigand
   372 | D        | Noticed a two-headed ogre
   372 | D        | Noticed a yak
   384 | D        | Killed a centaur
   385 | D        | Reached skill level 5 in Axes
   385 | D        | Reached skill level 1 in Dodging
   385 | D        | Reached skill level 8 in Shields
   385 | D        | Reached XP level 5. HP: 50/53 MP: 4/4
   389 | D        | Reached skill level 9 in Shields
   389 | D        | Reached XP level 6. HP: 56/62 MP: 5/5
   392 | D        | Killed a two-headed ogre
   392 | D        | Reached * piety under Okawaru
   392 | D        | Reached ** piety under Okawaru
   392 | D        | Reached *** piety under Okawaru
   393 | D        | Reached skill level 10 in Fighting
   393 | D        | Reached skill level 10 in Armour
   393 | D        | Reached skill level 12 in Shields
   393 | D        | Reached XP level 7. HP: 73/73 MP: 6/6
   398 | D        | Killed a yak
   399 | D        | Reached XP level 8. HP: 81/81 MP: 7/7
   409 | D        | Noticed a troll
   409 | D        | Noticed a two-headed ogre
   409 | D        | Noticed a centaur warrior
   409 | D        | Noticed a four-headed hydra
   409 | D        | Noticed a boulder beetle
   409 | D        | Noticed a two-headed ogre
   420 | D        | Killed a troll
   425 | D        | Killed a two-headed ogre
   425 | D        | Reached **** piety under Okawaru
   426 | D        | Reached skill level 10 in Axes
   426 | D        | Reached skill level 13 in Shields
   429 | D        | Shot with an arrow by a centaur warrior

Illustrated notes

Levels and vault maps discovered:
D:        linesprint [early_d, line_temple, items_1, d_10, items_2, lair_1,
          lair_end, items_3, orc_1, orc_end, items_4, d_15, swamp_1, shoals_1,
          snake_1, spider_1, d_20, vaults_1, items_5, swamp_end, shoals_end,
          snake_end, spider_end, vaults_end, d_27, items_6, zot_1, zot_end,
          crypt_end, forest_end, elf_end, slime_end, tomb_end, abyss_end,
          pan_hell_end]

Skill      XL: |  1  2  3  4  5  6  7  8 |
---------------+-------------------------+-----
Fighting       | 4 6 7 8 10 11 | 11.1
Armour         | 4 5 7 8 10 11 | 11.9
Shields        | 4 5 7 8 9 12 13 | 13.5
Axes           | 3 4 5 8 10 | 10.7
Dodging        | 1 3 4 |  4.9
Invocations    | |  0.3

Action                   |  1- 3 |  4- 6 |  7- 9 || total
-------------------------+-------+-------+-------++-------
Melee: War axe           |    23 |    19 |    23 ||    65
       Headbutt          |     2 |     5 |     4 ||    11
Invok: Heroism           |       |       |     1 ||     1
  Use: Potion            |     1 |     1 |       ||     2
Armor: Scale mail        |    10 |       |       ||    10
       Chain mail        |       |    23 |    15 ||    38
Dodge: Dodged            |    10 |    11 |    18 ||    39
Block: Kite shield       |    13 |    17 |    27 ||    57
